 Dungeon Crawl Stone Soup version 0.28-a0-773-g130ae17fe5 (webtiles) character file.

Game seed: 474959554023292811

48 pokeman the Magician (level 3, 0/20 HPs)
             Began as a Deep Elf Hedge Wizard on Nov 1, 2021.
             Succumbed to an adder's poison
             ... on level 2 of the Dungeon.
             The game lasted 00:02:17 (1752 turns).

pokeman the Magician (Deep Elf Hedge Wizard)        Turns: 1752, Time: 00:02:18

Health: 0/20       AC:  2    Str:  7    XL:     3   Next: 50%
Magic:  12/20      EV: 12    Int: 19    God:
Gold:   84         SH:  0    Dex: 14    Spells: 1/12 levels left

rFire   . . .      SeeInvis .   e - +1 whip (venom)
rCold   . . .      Faith    .   (no shield)
rNeg    . . .      Spirit   .   b - +0 robe
rPois   .          Reflect  .   c - +0 hat
rElec   .          Harm     .   (no cloak)
rCorr   .          Rampage  .   (no gloves)
Will    .....                   (no boots)
Stlth   ++........              (no amulet)
HPRegen 0.06/turn               d - +4 ring of slaying
MPRegen 0.17/turn               a - ring of magical power

@: brilliant, lethally poisoned (0 -> -4), flying
A: no striking features
a: no special abilities


You were on level 2 of the Dungeon.
You visited 1 branch of the dungeon, and saw 2 of its levels.

You collected 84 gold pieces.

Inventory:

Hand Weapons
 e - a +1 whip of venom (weapon)
Missiles
 g - 13 bolts
 h - 26 arrows
Armour
 b - a +0 robe (worn)
 c - a +0 hat (worn)
Jewellery
 a - a ring of magical power (right hand)
 d - a +4 ring of slaying (left hand)
Scrolls
 f - a scroll of enchant weapon {unknown}
 i - a scroll of fog {unknown}
 l - a scroll of identify {unknown}


   Skills:
 + Level 1.0 Fighting
 + Level 0.9 Armour
 - Level 2.4 Dodging
 - Level 2.4 Stealth
 * Level 5.2 Spellcasting
 + Level 1.9 Conjurations
 - Level 1.1 Summonings
 - Level 1.1 Translocations


You had one spell level left.
You knew the following spells:

 Your Spells              Type           Power      Damage    Failure   Level
a - Magic Dart            Conj           72%        1d6       5%          1
b - Mephitic Cloud        Conj/Pois/Air  11%        N/A       28%         3
c - Call Imp              Summ           13%        N/A       12%         2
d - Blink                 Tloc           26%        N/A       12%         2
e - Conjure Flame         Conj/Fire      13%        6-21      24%         3

Your spell library contained the following spells:

 Spells                   Type           Power      Damage    Failure   Level
 Slow                     Hex            28%        N/A       12%         1
 Confusing Touch          Hex            7%         N/A       36%         3
 Vampiric Draining        Necr           7%         2d6       36%         3


Dungeon Overview and Level Annotations

Branches:
Dungeon (2/15)

Altars:


Message History

You feel very sick. The kobold hits you but does no damage.
Your Fighting skill increases to level 1!
Casting: Magic Dart (safe; 5% risk of failure)
Confirm with . or Enter, or press ? or * to list all spells.
Aiming: Magic Dart (safe; 5% risk of failure)
Press: ? - help, Shift-Dir - straight line, f - kobold
Aim: a kobold, wielding a +0 short sword (100% to hit)
The magic dart hits the kobold.
The kobold is moderately wounded.
You feel sick. The kobold misses you.
Casting: Magic Dart (safe; 5% risk of failure)
Confirm with . or Enter, or press ? or * to list all spells.
Aiming: Magic Dart (safe; 5% risk of failure)
Press: ? - help, Shift-Dir - straight line, f/p - kobold
Aim: a kobold, wielding a +0 short sword (moderately wounded, 100% to hit)
The magic dart hits the kobold but does no damage.
The kobold is moderately wounded.
* * * LOW HITPOINT WARNING * * *
You feel sick.
The kobold hits you with a +0 short sword.
* * * LOW HITPOINT WARNING * * *
Your magical contamination has completely faded away.
Casting: Magic Dart (safe; 5% risk of failure)
Confirm with . or Enter, or press ? or * to list all spells.
Aiming: Magic Dart (safe; 5% risk of failure)
Press: ? - help, Shift-Dir - straight line, f/p - kobold
Aim: a kobold, wielding a +0 short sword (moderately wounded, 100% to hit)
The magic dart hits the kobold.
You kill the kobold!
* * * LOW HITPOINT WARNING * * *
You feel sick.
It was a potion of brilliance.
You feel clever all of a sudden.
* * * LOW HITPOINT WARNING * * *
You feel sick.
It was a potion of flight.
You feel very buoyant.
You fly up into the air.
You die...

#..>. #.... #....
## ######
########... ..
##..... ..........#
#. .....#
#########.#
#..##.##.# #.#
#...).##.# ##.#
#†@...# #..#
#....##..# #.##
#.### #..##### #.#
# #......# ###.##
#......####.....
##............##.
..........###...##.
#####.†........†##.
######.##......


There were no monsters in sight!

Vanquished Creatures
  An adder (D:2)
  5 ball pythons
  3 endoplasms
  8 goblins
  2 hobgoblins (D:1)
  2 jackals (D:1)
  A quokka (D:2)
  4 bats
  A frilled lizard (D:1)
  5 kobolds
  4 rats
36 creatures vanquished.

Notes
Turn   | Place    | Note
-------+----------+-------------------------------------------
     0 | D:1      | pokeman the Deep Elf Hedge Wizard began the quest for the
                  | Orb.
     0 | D:1      | Reached XP level 1. HP: 10/10 MP: 7/7
     0 | D:1      | Noticed a yellow draconian
     0 | D:1      | Noticed a large abomination
     1 | D:1      | Noticed an ice dragon
     2 | D:1      | Noticed a tentacled monstrosity
     4 | D:1      | Noticed an iron dragon
     4 | D:1      | Noticed an ice dragon
     6 | D:1      | Noticed an ice dragon
    11 | D:1      | Noticed an iron dragon
    13 | D:1      | Noticed a green draconian
    15 | D:1      | Noticed a green draconian
    15 | D:1      | Noticed a shadow dragon
    15 | D:1      | Noticed an orb of fire
    17 | D:1      | Noticed a shadow dragon
    17 | D:1      | Noticed a large abomination
    17 | D:1      | Noticed an iron dragon
    19 | D:1      | Noticed an ice dragon
    21 | D:1      | Noticed a shadow dragon
   275 | D:1      | Reached XP level 2. HP: 13/16 MP: 6/9
   964 | D:1      | Reached skill level 5 in Spellcasting
  1368 | D:1      | Found a faded altar of an unknown god.
  1414 | D:2      | Reached XP level 3. HP: 20/20 MP: 11/11
  1418 | D:2      | Learned a level 3 spell: Mephitic Cloud
  1421 | D:2      | Learned a level 2 spell: Call Imp
  1424 | D:2      | Learned a level 2 spell: Blink
  1428 | D:2      | Learned a level 3 spell: Conjure Flame
  1748 | D:2      | Reached skill level 1 in Fighting
  1751 | D:2      | HP: 1/20 [poisoned by an adder]
  1752 | D:2      | Succumbed to an adder's poison

Illustrated notes

Levels and vault maps discovered:
D:1:      shiori_arrival_whats_in_store_for_you, layout_basic,
          hellmonk_ecumenical_altar_inner_sanctum, corexii_leaking_fountain
D:2:      layout_loops_cross, serial_shops, shop, lightli_corner_chamber

Skill      XL: |  1  2  3 |
---------------+----------+-----
Spellcasting   | 5 |  5.2
Fighting       | 1 |  1.0
Armour         | |  0.9
Dodging        | |  2.4
Stealth        | |  2.4
Conjurations   | |  1.9
Summonings     | |  1.1
Translocations | |  1.1

Action                   || total
-------------------------++-------
Melee: Dagger            ||     8
       Whip              ||     2
 Cast: Magic Dart        ||    76
  Use: Potion            ||     2
Armor: Robe              ||     4
Dodge: Dodged            ||    18

Table legend: (Time is in decaauts)
 A = Elapsed time spent in this place.
 B = Non-inter-level travel time spent in this place.
 C = Inter-level travel time spent in this place.
 D = Time resting spent in this place.
 E = Time spent auto-exploring this place.
 F = Levels seen in this place.
 G = Mean time per level.
                   A        B        C        D        E       F      G
               +--------+--------+--------+--------+--------+-----+--------+
         Total |   1750 |   1711 |     39 |     81 |   1430 |   2 |  875.0 |
       Dungeon |   1750 |   1711 |     39 |     81 |   1430 |   2 |  875.0 |
               +--------+--------+--------+--------+--------+-----+--------+

Top non-repeatable levels by time:
     D:1: 1409 daAuts
     D:2: 341 daAuts
